 Dungeon Crawl Stone Soup version 0.21-a0-150-gc243083 (webtiles) character file.

88 Duffy the Chopper (level 4, 0/39 HPs)
             Began as a Naga Gladiator on July 27, 2017.
             Slain by a gnoll
             ... wielding a +0 club
              (6 damage)
             ... on level 2 of the Dungeon.
             The game lasted 00:01:13 (1743 turns).

Duffy the Chopper (Naga Gladiator)                  Turns: 1743, Time: 00:01:14

Health: 0/39       AC:  4    Str: 17    XL:     4   Next: 53%
Magic:  4/4        EV: 15    Int: 13    God:
Gold:   32         SH:  0    Dex: 18    Spells: 3/3 levels left

rFire    + . .     SeeInvis +   a - +0 war axe
rCold    + . .     Gourm    .   (no shield)
rNeg     . . .     Faith    .   p - +0 ring mail (curse)
rPois    +         Spirit   .   c - +0 helmet
rElec    +         Reflect  .   (no cloak)
rCorr    +         Harm     .   (no gloves)
MR       .....                  (no barding)
Stlth    ++........             (no amulet)
HPRegen  0.13/turn              (no ring)
MPRegen  0.09/turn              (no ring)

@: brilliant, agile, lethally poisoned (0 -> -2), resistant, very slow
A: see invisible, deformed body, poison resistance, slowness 2, slow metabolism
1, spit poison 1, AC +1
a: Spit Poison


You were on level 2 of the Dungeon.
You were not hungry.

You visited 1 branch of the dungeon, and saw 2 of its levels.

You collected 32 gold pieces.

Inventory:

Hand Weapons
 a - a +0 war axe (weapon)
Missiles
 d - 3 throwing nets (quivered)
Armour
 c - a +0 helmet (worn)
 p - a cursed +0 ring mail (worn)
Scrolls
 e - a scroll of amnesia {unknown}
 h - a scroll of enchant weapon {unknown}
 k - 3 scrolls of recharging {unknown}
Potions
 i - a potion of invisibility {unknown}
 o - a potion of berserk rage {unknown}
Comestibles
 f - a bread ration
 g - 2 meat rations
 l - 5 chunks of flesh


   Skills:
 - Level 2.0 Fighting
 + Level 5.1 Axes
 - Level 1.7 Throwing
 - Level 2.4 Dodging


You had 3 spell levels left.
You didn't know any spells.

Dungeon Overview and Level Annotations

Branches:
Dungeon (2/15)

Altars:


Innate Abilities, Weirdness & Mutations

You cannot wear boots.
Your serpentine skin is tough. (AC +1)
You have supernaturally acute eyesight. (SInv)
Armour fits poorly on your strangely shaped body.
Your system is resistant to poisons. (rPois)
You cover ground very slowly.
You have a slow metabolism.
You can spit poison.


Message History

You are too injured to fight recklessly!
You are too injured to fight recklessly!
You are too injured to fight recklessly!
You are too injured to fight recklessly!
You are too injured to fight recklessly!
You are too injured to fight recklessly!
You are too injured to fight recklessly!
You are too injured to fight recklessly!
You are too injured to fight recklessly!
You completely miss the gnoll.
You feel sick. The gnoll hits you with a club.
It was a potion of agility.
You feel agile all of a sudden. The gnoll completely misses you.
It was a potion of brilliance.
You feel clever all of a sudden. The gnoll closely misses you.
It was a potion of resistance.
You feel protected.
You feel sick. The gnoll hits you with a club.
You die...

. . .# #.# #.# ##.#
####.# ##g..######
#########@#.#.#..%#...
#.)...>..###..?.......
#.#####...#.###...####
#. ###..#.### #.##
##.###............#
##.#...#............ #
.............#.#.###
.#.#...##....#.#.#
##.......>#.#.##


You could see a gnoll.

Vanquished Creatures
  A bullfrog skeleton (D:1)
  2 adders (D:2)
  A worm (D:1)
  A dart slug (D:1)
  2 giant cockroaches (D:2)
  2 goblins (D:1)
  8 hobgoblins
  6 jackals
  2 bats (D:1)
  A frilled lizard (D:2)
  5 kobolds
  4 rats
35 creatures vanquished.

Notes
Turn   | Place    | Note
-------+----------+-------------------------------------------
     0 | D:1      | Duffy the Naga Gladiator began the quest for the Orb.
     0 | D:1      | Reached XP level 1. HP: 19/19 MP: 1/1
   422 | D:1      | Reached XP level 2. HP: 26/26 MP: 2/2
  1018 | D:1      | Reached skill level 4 in Axes
  1178 | D:1      | Reached XP level 3. HP: 16/32 MP: 3/3
  1502 | D:2      | Reached XP level 4. HP: 30/39 MP: 4/4
  1657 | D:2      | Reached skill level 5 in Axes
  1743 | D:2      | Slain by a gnoll

Vault maps used:
D:1:      dpeg_arrival_shrine
D:2:      grunt_qazlal_clouds, nemelex_spade_bored_becter

Skill      XL: |  1  2  3  4 |
---------------+-------------+-----
Axes           | 4 5 |  5.1
Fighting       | |  2.0
Throwing       | |  1.7
Dodging        | |  2.4

Action                   |  1- 3 |  4- 6 || total
-------------------------+-------+-------++-------
Melee: War axe           |    57 |    30 ||    87
  Use: Potion            |       |     3 ||     3
  Eat: Chunk             |     1 |     1 ||     2
Armor: Leather armour    |    13 |    12 ||    25
       Ring mail         |       |     9 ||     9
Dodge: Dodged            |    35 |    26 ||    61
